 Dungeon Crawl Stone Soup version 0.31-a0-986-g5e6e4ef867 (webtiles) character file.

Game seed: 11300566802620921070

100 horus123 the Magician (level 4, -2/33 HPs)
             Began as a Draconian Earth Elementalist on Nov 20, 2023.
             Slain by an ufetubus (3 damage)
             ... on level 6 of the Dungeon.
             The game lasted 00:02:51 (2157 turns).

horus123 the Magician (DrEE)                        Turns: 2157, Time: 00:02:52

Health: -2/33      AC:  6    Str: 11    XL:     4   Next: 47%
Magic:  10/10      EV: 12    Int: 17    God:
Gold:   70         SH:  0    Dex: 11    Spells: 8/11 levels left

rFire   . . .        k - +2 scimitar (protect)
rCold   . . .        (no shield)
rNeg    . . .        (body armour unavailable)
rPois   .            (helmet restricted)
rElec   .            m - +0 cloak
rCorr   .            (no gloves)
SInv    .            (no boots)
Will    .....        (no amulet)
Stlth   ++           f - ring of wizardry
HPRegen 0.25/turn    (no ring)
MPRegen 0.12/turn

%: wizardry (x1)
@: no status effects
A: AC +5, unfitting armour, cold-blooded
a: no special abilities


You were on level 6 of the Dungeon.
You visited 1 branch of the dungeon, and saw 4 of its levels.

You collected 70 gold pieces.

Inventory:

Hand Weapons
 c - a +0 short sword of speed
 k - a +2 scimitar of protection (weapon)
Missiles
 h - a throwing net
Armour
 m - a +0 cloak (worn)
Jewellery
 f - a ring of wizardry (left hand)
Wands
 l - a wand of quicksilver (8)
Scrolls
 b - a scroll of noise {unknown}
 g - a scroll of enchant weapon {unknown}
 i - 2 scrolls of enchant armour {unknown}
 j - a scroll of teleportation {unknown}
Potions
 a - a potion of magic
 d - a potion of curing {unknown}
 e - a potion of mutation {unknown}


   Skills:
 - Level 1.7 Dodging
 - Level 1.7 Stealth
 + Level 4.4 Spellcasting
 - Level 1.0 Transmutations
 - Level 3.0 Earth Magic


You had 8 spell levels left.
You knew the following spells:

 Your Spells              Type           Power      Damage    Failure   Level
a - Sandblast             Erth           28%        2d8       1%          1
b - Passwall              Tmut/Erth      8%         N/A       4%          2

Your spell library contained the following spells:

 Spells                   Type           Power      Damage    Failure   Level
 Stone Arrow              Conj/Erth      16%        3d8       10%         3
 Petrify                  Tmut/Erth      10%        N/A       26%         4
 Brom's Barrelling Bould  Conj/Erth      8%         2d3       32%         4


Dungeon Overview and Level Annotations

Branches:
Dungeon (6/15)             Temple (0/1) D:6

Altars:

Shops:
D:2 [


Innate Abilities, Weirdness & Mutations

Your plain brown scales are hard. (AC +5)
You cannot fit into any form of body armour.
You are cold-blooded and may be slowed by cold attacks.


Message History

You closely miss the ufetubus.
The ufetubus is heavily wounded.
You feel sick. The ufetubus slips past you! The ufetubus completely misses you.
The ufetubus misses you. The ufetubus hits you.
* * * LOW HITPOINT WARNING * * *
The ufetubus barely misses you.
The ufetubus hits you but does no damage.
The ufetubus completely misses you.
You miss the ufetubus.
The ufetubus is heavily wounded.
You feel sick.
The ufetubus hits you but does no damage.
The ufetubus closely misses you. The ufetubus barely misses you.
The ufetubus hits you but does no damage.
The ufetubus barely misses you. The ufetubus hits you.
* * * LOW HITPOINT WARNING * * *
Okay, then.
Aiming: Quicksilver Bolt
Press: ? - help, Shift-Dir - straight line, f - ice beast
Aim: an ice beast (71% to hit)
The bolt of dispelling energy hits the ice beast!
The ice beast is heavily wounded.
The bolt of dispelling energy hits the orc!!
You kill the orc!
* * * LOW HITPOINT WARNING * * *
You feel sick. The ufetubus closely misses you.
The ufetubus hits you but does no damage.
The ice beast hits you but does no damage.
The ufetubus closely misses you. The ufetubus completely misses you.
Aiming: Quicksilver Bolt
Press: ? - help, Shift-Dir - straight line, f/p - ice beast
Aim: an ice beast (heavily wounded, 71% to hit)
The bolt of dispelling energy hits the ice beast!
The ice beast is almost dead.
The bolt of dispelling energy misses the ufetubus.
* * * LOW HITPOINT WARNING * * *
You feel sick.
You are no longer poisoned.
The ufetubus closely misses you. The ufetubus hits you.
You die...

#.##. ..... .
....###...# ..
#....#.⌠.# ...
#...#...#... .
#......... #####.
#......########....#
#..5s..#.....##.....
###Y##.............#
#@####.....##....#
#5# #.....##....#
#.# #.....##....#
#.# #.###.##....#
#.# #........####
#.# #........# #.#
#......^.# #.#
#.>......#
#........#


You could see an ice beast, a scorpion and 2 ufetubi.

Vanquished Creatures
  Crazy Yiuf (D:2)
  Jessica (D:2)
  An orc (D:6)
  5 ball pythons
  5 endoplasms
  2 giant cockroaches
  6 goblins (D:1)
  4 hobgoblins
  7 kobolds
  2 quokkas
  4 bats
  4 rats
42 creatures vanquished.

Notes
Turn   | Place    | Note
-------+----------+-------------------------------------------
     0 | D:1      | horus123 the Draconian Earth Elementalist began the quest
                  | for the Orb.
     0 | D:1      | Reached XP level 1. HP: 14/14 MP: 3/3
   266 | D:1      | Reached XP level 2. HP: 20/20 MP: 3/5
   322 | D:1      | Learned a level 2 spell: Passwall
   450 | D:1      | Reached skill level 3 in Spellcasting
  1000 | D:1      | Reached XP level 3. HP: 26/26 MP: 5/7
  1231 | D:2      | Found Gabla's Armour Boutique.
  1589 | D:2      | Noticed Jessica
  1592 | D:2      | Killed Jessica
  1593 | D:2      | Reached skill level 4 in Spellcasting
  1596 | D:2      | Reached XP level 4. HP: 33/33 MP: 7/10
  1829 | D:2      | Found a runed translucent door.
  1830 | D:2      | Noticed Crazy Yiuf
  1932 | D:2      | Killed Crazy Yiuf
  2126 | D:3      | You fall into a shaft and drop 3 floors!
  2146 | D:6      | Found a staircase to the Ecumenical Temple.
  2147 | D:6      | Noticed an ice beast
  2147 | D:6      | Noticed a scorpion
  2157 | D:6      | HP: 1/33 [poisoned by a scorpion]
  2157 | D:6      | Slain by an ufetubus

Illustrated notes

Levels and vault maps discovered:
D:1:      nzn_arrival_water_spiral, layout_basic
D:2:      layout_loops_ring, serial_shops, shop, uniq_jessica,
          uniq_crazy_yiuf_cottage
D:3:      layout_loops_corners, feat_on_display
D:6:      layout_basic, gammafunk_temple_overflow_elements,
          minmay_temple_entry_junction_2, uniq_duvessa, uniq_maggie,
          uniq_eustachio

Skill      XL: |  1  2  3 |
---------------+----------+-----
Spellcasting   | 3 4 |  4.4
Dodging        | |  1.7
Stealth        | |  1.7
Transmutations | |  1.0
Earth Magic    | |  3.0

Action                     |  1- 3 |  4- 6 || total
---------------------------+-------+-------++-------
  Melee: Short sword       |     1 |       ||     1
         Scimitar          |     2 |    13 ||    15
         Tailslap          |       |     2 ||     2
   Cast: Sandblast         |    49 |     1 ||    50
  Evoke: Wand              |       |     2 ||     2
 Armour: Skin              |     9 |    26 ||    35
  Dodge: Dodged            |    15 |    27 ||    42

Table legend: (Time is in decaauts)
 A = Elapsed time spent in this place.
 B = Non-inter-level travel time spent in this place.
 C = Inter-level travel time spent in this place.
 D = Time resting spent in this place.
 E = Time spent auto-exploring this place.
 F = Levels seen in this place.
 G = Mean time per level.
                   A        B        C        D        E       F      G
               +--------+--------+--------+--------+--------+-----+--------+
         Total |   2176 |   2113 |     63 |      3 |   1851 |   4 |  544.0 |
       Dungeon |   2176 |   2113 |     63 |      3 |   1851 |   4 |  544.0 |
               +--------+--------+--------+--------+--------+-----+--------+

Top non-repeatable levels by time:
     D:1: 1187 daAuts
     D:2: 904 daAuts
     D:3: 52 daAuts
     D:6: 32 daAuts
